[Event "Team 45 45 League T80"]
[Site "Internet Chess Club"]
[Date "2019.04.30"]
[Round "5"]
[White "kingphisch"]
[Black "g8wrb"]
[Result "0-1"]
[WhiteElo "1403"]
[BlackElo "1445"]
[Opening "Owen defense"]
[ECO "B00"]
[Time "14:02:51"]
[TimeControl "2700+45"]

1. e4 b6 2. d4 Bb7 3. Bd3 e6 4. Nf3 Bb4+ 5. c3 Be7 6. O-O Nf6 7. Re1 c5 8. Nbd2
O-O 9. e5 Nd5 10. Ne4 Nc6 11. Neg5 g6 12. c4 Ndb4 13. a3 Nxd3 14. Qxd3 cxd4 15.
Ne4 d5 16. cxd5 Qxd5 17. Bg5 Nxe5 18. Nxe5 Bxg5 19. Nf3 Be7 20. Rac1 Rac8 21.
Ned2 Bf6 22. Ne4 Be7 23. Rcd1 e5 24. Ned2 Bf6 25. Ne4 Be7 26. Nc3 Qc4 27. Qxc4
Rxc4 28. Na2 f6 29. Nxd4 Kf7 30. Nb5 a6 31. Nbc3 Rd4 32. Nb4 Rxd1 33. Rxd1 Rd8
34. Rxd8 Bxd8 35. Nbd5 Ke6 36. Ne3 f5 37. f3 Be7 38. Kf1 Bc5 39. Nc2 b5 40. Ke2
h6 41. h3 Bd5 42. Ne3 Bb3 43. Kd2 g5 44. g4 Bxe3+ 45. Kxe3 Bc4 46. Kf2 Bd3 47.
Kg3 Bc2 48. Kf2 fxg4 49. hxg4 Kd6 50. Ke3 Bh7 51. Kd2 Kc5 52. Ke3 a5 53. Ne4+
Kc4 54. Nd6+ Kc5 55. Ne4+ Kc4 56. Nd6+ Kb3 57. Nxb5 Kxb2 58. Kd2 Kb3 59. Kc1 Bd3
60. Nd6 Kxa3 61. Kd2 Bg6 62. Kc3 Ka4 63. Nf5 h5 64. Ng7 h4 65. Nh5 h3 66. Ng3 h2
67. Kb2 e4 68. fxe4 Bxe4 69. Kc3 h1=Q 70. Nxh1 Bxh1 {White resigns} 0-1

[Event "Team 45 45 League T80"]
[Site "Internet Chess Club"]
[Date "2019.04.28"]
[Round "5"]
[White "kabindra"]
[Black "idjit"]
[Result "0-1"]
[WhiteElo "1691"]
[BlackElo "1632"]
[Opening "French: advance, Paulsen attack"]
[ECO "C02"]
[Time "12:04:51"]
[TimeControl "2700+45"]

1. e4 e6 2. d4 d5 3. e5 c5 4. c3 Nc6 5. Nf3 Be7 6. Bd3 f6 7. O-O Nh6 8. Bxh6
gxh6 9. Nh4 fxe5 10. Qh5+ Kd7 11. g3 cxd4 12. Bb5 Qb6 13. Bxc6+ bxc6 14. Nf3 e4
15. Ne5+ Kc7 16. Nf7 Rf8 17. Qe5+ Kd7 18. Qg7 Ba6 19. Re1 d3 20. Nd2 Rxf7 21.
Qxf7 Rf8 22. Qxh7 Qxf2+ 23. Kh1 Qxd2 24. Rf1 Rf2 25. Rxf2 Qxf2 26. c4 d2 27. b3
e3 28. Qd3 e2 29. Qxd2 Qf3+ 30. Kg1 Bc5+ {White resigns} 0-1

[Event "Team 45 45 League T80"]
[Site "Internet Chess Club"]
[Date "2019.04.27"]
[Round "5"]
[White "Kingfisher75"]
[Black "julesraider"]
[Result "0-1"]
[WhiteElo "1510"]
[BlackElo "1584"]
[Opening "Caro-Kann: classical, Spassky variation"]
[ECO "B19"]
[Time "20:01:28"]
[TimeControl "2700+45"]

1. e4 c6 2. d4 d5 3. Nc3 dxe4 4. Nxe4 Bf5 5. Ng3 Bg6 6. h4 h6 7. Nf3 Nd7 8. h5
Bh7 9. Bd3 Bxd3 10. Qxd3 e6 11. Bd2 Ngf6 12. O-O-O Qc7 13. Ne4 O-O-O 14. Nxf6
Nxf6 15. Qe2 Bd6 16. Ne5 c5 17. Bc3 Nd5 18. Qf3 Nxc3 19. Qxc3 Bxe5 20. dxe5 Rd5
21. f4 Rhd8 22. g4 Qc6 23. Qe3 Rxd1+ 24. Rxd1 Rxd1+ 25. Kxd1 Qh1+ 26. Kd2 Qg2+
27. Qe2 Qd5+ 28. Qd3 Qxa2 29. b3 Qa5+ 30. Kc1 Qa1+ 31. Kd2 Qg1 32. Qd6 Qf2+ 33.
Kc3 Qe3+ 34. Kb2 Qd4+ 35. Qxd4 cxd4 36. b4 Kc7 37. Kb3 Kc6 38. Kc4 b6 39. Kxd4
Kb5 40. c3 a5 41. bxa5 bxa5 42. c4+ Kc6 43. f5 a4 44. fxe6 fxe6 45. Kc3 Kc5
{White resigns} 0-1

[Event "Team 45 45 League T80"]
[Site "Internet Chess Club"]
[Date "2019.04.29"]
[Round "5"]
[White "Hectormercado"]
[Black "Bible-Believer"]
[Result "1-0"]
[WhiteElo "1470"]
[BlackElo "1339"]
[Opening "Sicilian: Kan variation"]
[ECO "B41"]
[Time "18:09:44"]
[TimeControl "2700+45"]

1. e4 c5 2. Nf3 e6 3. d4 cxd4 4. Nxd4 a6 5. Be3 Nf6 6. f3 Nc6 7. Nc3 Qc7 8. Qd2
Bc5 9. Nb3 Bxe3 10. Qxe3 b6 11. O-O-O Bb7 12. g4 O-O-O 13. Na4 Nb4 14. Nxb6+ Kb8
15. Bd3 d5 16. Na4 Rc8 17. Nc3 Rhd8 18. Qd2 Nxd3+ 19. Qxd3 dxe4 20. Qe2 exf3 21.
Qf2 Nxg4 22. Qh4 Ne3 23. Rxd8 Rxd8 24. Rg1 Ng2 25. Qf2 Qf4+ 26. Kb1 Qe3 27. Rxg2
Qxf2 28. Rxf2 f5 29. Nc5 Ba8 30. Nxe6 Re8 31. Kc1 Rxe6 32. Na4 Re2 33. Rxe2 fxe2
34. Kd2 Bf3 35. Nc5 g5 36. Nxa6+ Kc8 37. Nc5 h5 38. Ne6 g4 39. Nf4 h4 40. Nxe2
Bxe2 41. Kxe2 f4 42. Kf2 Kc7 43. b4 Kc6 44. c4 Kd6 45. a4 Ke5 46. a5 Ke4 47. a6
g3+ 48. hxg3 hxg3+ 49. Kg1 Ke3 50. a7 Ke2 51. a8=Q f3 52. Qe4+ {Black resigns}
1-0

[Event "Team 45 45 League T80"]
[Site "Internet Chess Club"]
[Date "2019.04.24"]
[Round "5"]
[White "kingsrook"]
[Black "howah45"]
[Result "1-0"]
[WhiteElo "1207"]
[BlackElo "1139"]
[Opening "Nimzo-Indian: 4.e3 c5, 5.Ne2 (Rubinstein, anti-Hübner system)"]
[ECO "E42"]
[Time "13:00:44"]
[TimeControl "2700+45"]

1. d4 Nf6 2. c4 e6 3. Nc3 Bb4 4. e3 c5 5. Ne2 Nc6 6. a3 Bxc3+ 7. Nxc3 d6 8. Bd3
cxd4 9. Ne2 dxe3 10. Bxe3 Bd7 11. O-O O-O 12. Ng3 Qc7 13. b3 Rad8 14. Bg5 Nd4
15. Bxf6 gxf6 16. Qg4+ Kh8 17. Qxd4 Rg8 18. Qxf6+ Rg7 19. Nh5 Rg8 20. Nxg7 Rxg7
21. Rae1 Kg8 22. Re3 Kf8 23. Rh3 Qc6 24. g3 a6 25. Bxh7 Qc8 26. Bd3 e5 27. Rh8+
Rg8 28. Qxd6+ Kg7 29. Qh6# {Black checkmated} 1-0

[Event "Team 45 45 League T80"]
[Site "Internet Chess Club"]
[Date "2019.04.28"]
[Round "5"]
[White "fireball"]
[Black "Duguesclin"]
[Result "1/2-1/2"]
[WhiteElo "1584"]
[BlackElo "1486"]
[Opening "French: Winawer, advance, positional main line"]
[ECO "C19"]
[Time "10:04:15"]
[TimeControl "2700+45"]

1. e4 e6 2. d4 d5 3. Nc3 Bb4 4. e5 c5 5. a3 Bxc3+ 6. bxc3 Ne7 7. Nf3 Qc7 8. Bb5+
Bd7 9. Bxd7+ Nxd7 10. O-O O-O 11. Ng5 h6 12. Nh3 cxd4 13. cxd4 Rac8 14. Ra2 Qc4
15. Rb2 Nb6 16. Nf4 Nf5 17. Ne2 Rc7 18. c3 Qa4 19. Qe1 Rfc8 20. g4 Nh4 21. f4
Nc4 22. Rb4 Qc2 23. Qxh4 Qxe2 24. f5 Ne3 25. Bxe3 Qxe3+ 26. Kh1 Rxc3 27. fxe6
fxe6 28. Rxb7 Qe4+ 29. Kg1 Rc2 30. Rxg7+ Kxg7 31. Qe7+ Kh8 32. Qf6+ Kh7 33. Qe7+
Kh8 34. Qf6+ Kh7 35. Qf7+ Kh8 36. Qf6+ Kh7 {Game drawn by repetition} 1/2-1/2

[Event "Team 45 45 League T80"]
[Site "Internet Chess Club"]
[Date "2019.04.27"]
[Round "5"]
[White "President"]
[Black "Skeptic1972"]
[Result "1/2-1/2"]
[WhiteElo "1635"]
[BlackElo "1518"]
[Opening "Nimzovich-Larsen attack: modern variation"]
[ECO "A01"]
[Time "12:01:20"]
[TimeControl "2700+45"]

1. b3 e5 2. Bb2 Nc6 3. e3 d5 4. Bb5 Bd7 5. Bxc6 Bxc6 6. Bxe5 Qg5 7. Bg3 O-O-O 8.
Nf3 Qe7 9. d4 f5 10. O-O Nf6 11. Ne5 Be8 12. Nd2 Nh5 13. c4 Nxg3 14. fxg3 Qg5
15. Qe2 dxc4 16. Nexc4 h5 17. Nf3 Qg4 18. Nce5 Qe4 19. Rac1 Bd6 20. Rfe1 Bxe5
21. Nxe5 h4 22. Qf3 hxg3 23. Qxg3 Qh4 24. Qxh4 Rxh4 25. g3 Rh5 26. Rc3 Rd6 27.
Rec1 c6 28. h4 g5 29. Nf3 gxh4 30. Nxh4 Rg5 31. Kf2 Bf7 32. Rc5 Bd5 33. Nf3 Bxf3
34. Kxf3 Kd7 35. Re5 Re6 36. Rcc5 Kd6 37. Rxe6+ Kxe6 38. Re5+ Kd7 39. Kf4 Rg4+
40. Kxf5 Rxg3 41. Ke4 Rg2 42. Ra5 a6 43. Kd3 Kd6 44. a4 Rb2 45. Kc3 Re2 46. Re5
c5 47. Rxc5 Rxe3+ 48. Kc4 Re1 49. Re5 Rd1 50. Rh5 Rc1+ 51. Kb4 Rd1 52. Kc3 Rc1+
53. Kd2 Rb1 54. Kc2 Rg1 55. a5 Rg4 56. Kc3 Rg3+ 57. Kc4 Rg4 58. Rh6+ Kd7 59. b4
Rg1 60. Kc5 Rd1 61. Rh7+ Kc8 62. d5 Rg1 63. Kd6 Rg6+ 64. Ke7 Kc7 65. Ke8+ Kc8
66. Rh4 Kc7 67. Rh7+ Kc8 68. Rh5 Kc7 69. Ke7 Rd6 70. Re5 Rd7+ 71. Ke6 Rd6+ 72.
Kf5 Kd7 73. Ke4 Rh6 74. Kd4 Kd6 75. Re4 Rg6 76. Kc4 Rh6 77. Rg4 Rf6 78. Rh4 Rg6
79. Rh7 Rg4+ 80. Kb3 Kxd5 81. Rxb7 Rg6 82. Rc7 Rh6 83. Rc5+ Kd6 84. Rc8 Kd7 85.
Ra8 Kc7 86. Ra7+ Kb8 87. Rd7 Rc6 88. Rd5 Kb7 89. Rc5 Rh6 90. Rg5 Rc6 91. Rg7+
Kb8 92. b5 axb5 93. Kb4 Rc7 94. Rg6 Kb7 95. Kxb5 Ka7 96. a6 Rc1 97. Rg7+ Ka8 98.
a7 Ra1 99. Kb6 Rb1+ 100. Kc5 Ra1 101. Kc6 Ra6+ 102. Kb5 Rxa7 103. Rg8+ Kb7 104.
Rg7+ Kb8 105. Rg8+ Kb7 106. Rg6 Ra1 107. Rg7+ Kc8 108. Kc6 Rc1+ {Game drawn by
mutual agreement} 1/2-1/2

[Event "Team 45 45 League T80"]
[Site "Internet Chess Club"]
[Date "2019.04.28"]
[Round "5"]
[White "JPSVI"]
[Black "MathBandit"]
[Result "0-1"]
[WhiteElo "1439"]
[BlackElo "1632"]
[Opening "Réti: King's Indian attack"]
[ECO "A08"]
[Time "21:02:22"]
[TimeControl "2700+45"]

1. Nf3 d5 2. g3 c5 3. Bg2 Nc6 4. O-O Nf6 5. d3 Bf5 6. Nbd2 e6 7. Re1 Bg6 8. Nh4
Bh5 9. h3 Bd6 10. Ndf3 Qc7 11. c4 dxc4 12. dxc4 h6 13. Nh2 O-O-O 14. Qa4 g5 15.
N4f3 Ne4 16. Be3 f5 17. Nf1 Rhf8 18. Rad1 f4 19. gxf4 gxf4 20. Bc1 Rg8 21. Qc2
Qg7 22. Nh4 Ng5 23. Qc3 Ne5 24. Bxf4 Nef3+ 25. exf3 Nxh3+ 26. Kh1 Nxf2+ 27. Kg1
Nxd1 28. Qxg7 Rxg7 29. Bxh6 Rh7 30. Rxe6 Nxb2 31. Bh3 Kb8 32. Ne3 Rxh6 33. Rxh6
Bf4 34. Re6 Bxe3+ 35. Rxe3 Nxc4 36. Re7 Nd2 37. f4 Nf3+ 38. Nxf3 Bxf3 39. f5 c4
40. f6 Rf8 41. f7 Bh5 42. Be6 c3 43. Bb3 Bxf7 44. Re3 Rc8 45. Re2 Bxb3 46. axb3
c2 {White resigns} 0-1

[Event "Team 45 45 League T80"]
[Site "Internet Chess Club"]
[Date "2019.04.29"]
[Round "5"]
[White "BrerRabbit"]
[Black "nidusin2"]
[Result "0-1"]
[WhiteElo "1337"]
[BlackElo "1490"]
[Opening "Queen's Pawn"]
[ECO "A54"]
[Time "11:02:08"]
[TimeControl "2700+45"]

1. d4 d6 2. Nf3 Nf6 3. c4 Nbd7 4. Nc3 e5 5. e3 Be7 6. Bd3 c6 7. O-O Qc7 8. Bc2
O-O 9. Bd2 a6 10. a4 d5 11. cxd5 cxd5 12. dxe5 Nxe5 13. Nd4 Bg4 14. f3 Bd7 15.
Rc1 Nc4 16. Rb1 Bc5 17. Be1 Nxe3 18. Bg3 Qb6 19. Nxd5 Nfxd5 20. Qd3 Nxc2 {White
resigns} 0-1

[Event "Team 45 45 League T80"]
[Site "Internet Chess Club"]
[Date "2019.04.26"]
[Round "5"]
[White "pokerram"]
[Black "Hal2001"]
[Result "1/2-1/2"]
[WhiteElo "1561"]
[BlackElo "1537"]
[Opening "Robatsch defense"]
[ECO "B06"]
[Time "10:01:22"]
[TimeControl "2700+45"]

1. e4 g6 2. d4 Bg7 3. Nc3 c5 4. dxc5 Nc6 5. Nf3 Bxc3+ 6. bxc3 Qa5 7. Bd2 Qxc5 8.
Bd3 Nf6 9. O-O O-O 10. Qe2 d6 11. Rfb1 a6 12. h3 Re8 13. Qe3 Qxe3 14. Bxe3 Nd7
15. Nd4 Nde5 16. Nxc6 Nxc6 17. f4 e6 18. Bb6 Re7 19. Rf1 f5 20. Rae1 Kf7 21. Bf2
b5 22. Bh4 Rc7 23. Re3 Na5 24. exf5 gxf5 25. Bd8 Nc4 26. Bxc7 Nxe3 27. Re1 Nd5
28. Bxd6 Nxc3 29. a3 Bb7 30. Bxf5 exf5 31. Re7+ Kg6 32. Rxb7 Rc8 33. Rc7 Rxc7
34. Bxc7 Kf7 35. Kf2 h5 36. Kf3 Ke6 37. g4 fxg4+ 38. hxg4 hxg4+ 39. Kxg4 Nb1 40.
f5+ Kd7 41. Be5 Ke7 42. Bb2 Nd2 43. Kg5 Kf7 44. Kf4 Nc4 45. Bc1 Kf6 46. Kg4 Kf7
47. Kg5 a5 48. c3 a4 49. Kg4 Kf6 {Game drawn by mutual agreement} 1/2-1/2

[Event "Team 45 45 League T80"]
[Site "Internet Chess Club"]
[Date "2019.04.29"]
[Round "5"]
[White "Constrictor"]
[Black "cpic2363"]
[Result "1-0"]
[WhiteElo "1522"]
[BlackElo "1490"]
[Opening "Réti opening"]
[ECO "A04"]
[Time "20:00:41"]
[TimeControl "2700+45"]

1. Nf3 b6 2. d4 d5 3. c4 e6 4. Nc3 Nf6 5. Bg5 Be7 6. e3 Rf8 7. Be2 Bb7 8. Rc1 c5
9. O-O h6 10. Bh4 Nfd7 11. Bg3 f5 12. Nb5 Na6 13. Ne5 Nxe5 14. Bxe5 Kf7 15. f4
Bc6 16. Nc3 Bf6 17. cxd5 exd5 18. Bxa6 Kg8 19. Bd3 Bxe5 20. fxe5 cxd4 21. exd4
f4 22. Ne2 Qg5 23. Rxc6 {Black resigns} 1-0

[Event "Team 45 45 League T80"]
[Site "Internet Chess Club"]
[Date "2019.04.27"]
[Round "5"]
[White "Megasus"]
[Black "Gilguli"]
[Result "1-0"]
[WhiteElo "1573"]
[BlackElo "1305"]
[Opening "Queen's pawn game, Darooha variation "]
[ECO "D02"]
[Time "13:11:44"]
[TimeControl "2700+45"]

1. Nf3 Nf6 2. d4 d5 3. h3 Nc6 4. e3 Bf5 5. a3 e6 6. Nbd2 h6 7. b3 Bd6 8. Bb2 Qe7
9. Ne5 Nd7 10. Nxd7 Qxd7 11. Bb5 a6 12. Bxc6 Qxc6 13. Rc1 b5 14. O-O g5 15. c4
dxc4 16. bxc4 Qb7 17. d5 Rg8 18. c5 Be7 19. e4 Bg6 20. Qb3 exd5 21. exd5 O-O-O
22. d6 Bf8 23. Bf6 Rd7 24. c6 Qb6 25. cxd7+ Kxd7 26. Rxc7+ Kxd6 27. Nc4+ Kxc7
28. Nxb6 Kxb6 {Black resigns} 1-0

[Event "Team 45 45 League T80"]
[Site "Internet Chess Club"]
[Date "2019.04.30"]
[Round "5"]
[White "Nezmetdinov"]
[Black "Percival"]
[Result "1/2-1/2"]
[WhiteElo "1920"]
[BlackElo "1930"]
[Opening "QGD Slav: Dutch variation"]
[ECO "D18"]
[Time "08:13:38"]
[TimeControl "2700+45"]

1. d4 d5 2. Nf3 Nf6 3. c4 c6 4. Nc3 dxc4 5. a4 Bf5 6. e3 e6 7. Bxc4 Bb4 8. O-O
O-O 9. Nh4 Nbd7 10. Nxf5 exf5 11. f3 c5 12. Na2 Qb6 13. Nxb4 Qxb4 14. b3 Rad8
15. Qc2 f4 16. Ba3 Qa5 17. exf4 Qc7 18. dxc5 Nxc5 19. Qf5 b6 20. a5 Rd4 21. Qe5
Rd7 22. Rfe1 Rfd8 23. axb6 axb6 24. Qxc7 Rxc7 25. Rad1 Ra8 26. Kf1 Nxb3 27. Bxb3
Rc3 28. Bxf7+ Kxf7 29. Re7+ Kg6 30. Bb2 Rc2 31. Bd4 Raa2 32. f5+ Kxf5 33. Rxg7
Nd5 34. g4+ Ke6 35. Rxh7 b5 36. Re1+ Kd6 37. Be5+ Kc6 38. Rf7 b4 39. h4 b3 40.
h5 b2 41. Bxb2 Raxb2 42. Rf8 Rf2+ 43. Kg1 Rg2+ 44. Kh1 Rh2+ 45. Kg1 Rbg2+ 46.
Kf1 Rb2 47. Kg1 Rhd2 48. Kf1 Nb4 49. Re6+ Kd5 50. Re4 Nd3 51. Rf5+ Kc6 52. Rf6+
Kd5 53. Rf5+ Kc6 54. Rf6+ Kd5 55. Rf5+ {Game drawn by repetition} 1/2-1/2

[Event "Team 45 45 League T80"]
[Site "Internet Chess Club"]
[Date "2019.04.26"]
[Round "5"]
[White "gnat"]
[Black "backrankbrawler"]
[Result "1-0"]
[WhiteElo "1942"]
[BlackElo "1786"]
[Opening "French: Burn variation"]
[ECO "C11"]
[Time "06:07:54"]
[TimeControl "2700+45"]

1. e4 e6 2. d4 d5 3. Nc3 Nf6 4. Bg5 dxe4 5. Nxe4 Nbd7 6. Nxf6+ Nxf6 7. Nf3 h6 8.
Bxf6 Qxf6 9. c3 Bd6 10. Bb5+ c6 11. Bd3 O-O 12. Qe2 Qf4 13. g3 Qg4 14. h3 Qh5
15. g4 Qd5 16. Be4 Qa5 17. g5 hxg5 18. Rg1 Bf4 19. h4 f5 20. Bc2 g4 21. Ne5 Rf6
22. Nd3 Bd6 23. Bb3 Kh8 24. O-O-O b6 25. f3 c5 26. fxg4 cxd4 27. g5 Rf8 28. Qh5+
Kg8 29. g6 Re8 30. Qh7+ Kf8 31. Qh8+ Ke7 32. Qxg7+ Kd8 33. Qxd4 Ke7 34. Qg7+ Kd8
35. Ne5 {Black resigns} 1-0

[Event "Team 45 45 League T80"]
[Site "Internet Chess Club"]
[Date "2019.04.30"]
[Round "5"]
[White "elmaestro"]
[Black "jjimalo"]
[Result "0-1"]
[WhiteElo "1663"]
[BlackElo "1801"]
[Opening "Bird's opening"]
[ECO "A03"]
[Time "10:41:08"]
[TimeControl "2700+45"]

1. f4 d5 2. Nf3 Nf6 3. e3 e6 4. Be2 Be7 5. O-O O-O 6. d3 c5 7. Qe1 Nc6 8. Nbd2
b5 9. b3 Qb6 10. Ne5 Nxe5 11. fxe5 Nd7 12. Nf3 f6 13. Bb2 c4 14. Bd4 Qc7 15. Qg3
f5 16. Rac1 a5 17. h4 Ba6 18. Ng5 Bxg5 19. hxg5 g6 20. Rf4 Rac8 21. Rh4 Rf7 22.
Qh2 cxb3 23. axb3 b4 24. Kf2 Bb5 25. Bb2 Qd8 26. Qf4 Nb6 27. c4 bxc3 28. Rxc3
Rfc7 29. Rxc7 Rxc7 30. Ba3 Rc2 31. Qd4 Nd7 32. Bd6 Qxg5 33. g3 Qd8 34. Rh6 Kg7
35. Rh1 g5 36. g4 f4 37. exf4 Qb6 38. Qxb6 Nxb6 39. f5 Bxd3 40. f6+ Kg6 41. Re1
Rb2 42. Ke3 Bxe2 43. Rxe2 Rxb3+ 44. Kd2 Nc4+ 45. Kd1 Rb1+ 46. Kc2 Rb2+ 47. Kd1
Rxe2 48. Kxe2 Nxd6 49. exd6 Kxf6 {White resigns} 0-1

[Event "Team 45 45 League T80"]
[Site "Internet Chess Club"]
[Date "2019.04.28"]
[Round "5"]
[White "Constrictor"]
[Black "nathanpillay"]
[Result "0-1"]
[WhiteElo "1506"]
[BlackElo "1738"]
[Opening "Nimzovich-Larsen attack: Dutch variation"]
[ECO "A01"]
[Time "15:02:06"]
[TimeControl "2700+45"]

1. b3 f5 2. Bb2 d6 3. f4 Nc6 4. Nf3 Nf6 5. e3 e6 6. Bb5 Bd7 7. O-O Be7 8. Qe2
O-O 9. Nd4 Nxd4 10. Bxd4 Qe8 11. Bxd7 Nxd7 12. d3 e5 13. fxe5 dxe5 14. Bb2 Bd6
15. Nd2 Qg6 16. Nc4 Rae8 17. Nxd6 cxd6 18. e4 f4 19. Rf3 Nf6 20. Raf1 Qh5 21.
Qd1 g5 22. Rh3 Qg6 23. Rhf3 g4 24. R3f2 Nh5 25. Bc1 g3 26. Rf3 gxh2+ 27. Kxh2
Ng3 28. Re1 Re7 29. Kg1 Rg7 30. Qd2 Qh5 31. d4 Qh1+ 32. Kf2 Nxe4+ 33. Rxe4 Rxg2#
{White checkmated} 0-1

[Event "Team 45 45 League T80"]
[Site "Internet Chess Club"]
[Date "2019.04.28"]
[Round "5"]
[White "santiagoelawad"]
[Black "PolishRyszard"]
[Result "1-0"]
[WhiteElo "1925"]
[BlackElo "1843"]
[Opening "English: Sicilian reversed"]
[ECO "A25"]
[Time "13:01:12"]
[TimeControl "2700+45"]

1. c4 e5 2. Nc3 Nc6 3. g3 f5 4. Bg2 Nf6 5. Nf3 g6 6. d4 e4 7. Ng5 Bg7 8. O-O h6
9. Nh3 O-O 10. f3 exf3 11. exf3 Kh7 12. Be3 d5 13. c5 Re8 14. Re1 Be6 15. Nf4
Bf7 16. Bf2 b6 17. cxb6 axb6 18. Nd3 Nh5 19. Nb5 Rxe1+ 20. Qxe1 Qd7 21. f4 Nd8
22. Nc3 Nc6 23. Ne5 Nxe5 24. dxe5 Rd8 25. Rd1 c6 26. Bxb6 Rb8 27. Qf2 Qb7 28.
Na4 Qa6 29. b3 Bf8 30. Rc1 Rc8 31. Bf3 Ba3 32. Rc2 Ng7 33. Qe2 Qb7 34. Bc5 Bxc5+
35. Nxc5 Qa7 36. Qa6 Qxa6 37. Nxa6 Ne6 38. Nc5 Nd4 39. Rc3 g5 40. Kf2 gxf4 41.
gxf4 Ne6 42. Nxe6 Bxe6 43. b4 Kg7 44. Ke3 Kf7 45. Kd4 Rb8 46. a3 Ke7 47. Rxc6
{Black resigns} 1-0

[Event "Team 45 45 League T80"]
[Site "Internet Chess Club"]
[Date "2019.04.28"]
[Round "5"]
[White "janh"]
[Black "cadmiumorange"]
[Result "1-0"]
[WhiteElo "1882"]
[BlackElo "1737"]
[Opening "Scandinavian defense"]
[ECO "B01"]
[Time "14:10:37"]
[TimeControl "2700+45"]

1. e4 d5 2. exd5 Nf6 3. Nf3 Bg4 4. Be2 Qxd5 5. Nc3 Qf5 6. d4 Nc6 7. h3 Bxf3 8.
Bxf3 e6 9. a3 Rd8 10. Be3 Bd6 11. Qe2 O-O 12. O-O Bf4 13. Bxc6 bxc6 14. Qf3 Bxe3
15. Qxf5 exf5 16. fxe3 Rfe8 17. Rae1 Nd5 18. Nxd5 Rxd5 19. c4 Rd6 20. Rxf5 Rxd4
21. exd4 Rxe1+ 22. Kf2 Rc1 23. b3 Rc2+ 24. Kg1 Rc1+ 25. Kh2 Rc3 26. Ra5 Rxb3 27.
Rxa7 Kf8 28. Rxc7 Rxa3 29. Rxc6 Ke7 30. Rc7+ Kf6 31. d5 Rd3 32. Rd7 g5 33. c5
Rc3 34. c6 h5 35. c7 g4 36. hxg4 hxg4 37. Rd6+ Ke7 38. Rc6 {Black resigns} 1-0

[Event "Team 45 45 League T80"]
[Site "Internet Chess Club"]
[Date "2019.04.25"]
[Round "5"]
[White "cityprosecutor"]
[Black "Portola"]
[Result "1/2-1/2"]
[WhiteElo "1692"]
[BlackElo "1768"]
[Opening "French: King's Indian attack"]
[ECO "C00"]
[Time "19:16:17"]
[TimeControl "2700+45"]

1. e4 e6 2. d3 d5 3. Nd2 c5 4. g3 Nc6 5. Bg2 Nf6 6. f4 e5 7. Ngf3 Ng4 8. Qe2
dxe4 9. dxe4 exf4 10. gxf4 Be7 11. O-O Nd4 12. Nxd4 Qxd4+ 13. Kh1 Bh4 14. h3 h5
15. Nf3 Qd8 16. Bd2 a6 17. Rad1 Qe7 18. Ba5 Bd7 19. Rxd7 Kxd7 20. hxg4 hxg4 21.
Ne5+ Ke8 22. Kg1 Bf6 23. Nxg4 Bd4+ 24. Ne3 Qh4 25. Rf3 Qe7 26. Kf1 Qd7 27. Nd5
Kf8 28. Nb6 Qc7 29. c3 Bf6 30. Nc4 Qe7 31. e5 Bh4 32. Nd6 Qe6 33. c4 Qg6 34. Qe4
Qxe4 35. Nxe4 Bd8 36. Bxd8 Rxd8 37. Ke1 Rh2 38. Rf2 Rd4 39. Nd6 b6 40. b3 Rd3
41. Ke2 Rd4 42. Ne4 Rxg2 43. Rxg2 Rxe4+ 44. Kf3 Rd4 45. Kg4 Rd3 46. Rh2 Kg8 47.
Kf5 Rd4 48. Rf2 b5 49. cxb5 axb5 50. Rc2 g6+ 51. Kg5 Rd5 52. Kf6 b4 53. f5 gxf5
54. Kxf5 Kg7 55. Rg2+ Kf8 56. Kf6 Rd4 57. Rf2 c4 58. bxc4 Rxc4 59. Rh2 Rc6+ 60.
Kf5 Ke7 61. Rb2 Rc4 62. Rd2 Rh4 63. Rc2 Rh5+ 64. Ke4 Ke6 65. Rc6+ Ke7 66. Rb6
Rh2 67. Kd5 Rxa2 68. Rb7+ Kf8 69. Rxb4 Rd2+ 70. Ke4 Re2+ 71. Kd5 Rd2+ 72. Ke4
Re2+ {Game drawn by mutual agreement} 1/2-1/2

[Event "Team 45 45 League T80"]
[Site "Internet Chess Club"]
[Date "2019.04.28"]
[Round "5"]
[White "cool64chess"]
[Black "fledermaus"]
[Result "0-1"]
[WhiteElo "1889"]
[BlackElo "1869"]
[Opening "QGD semi-Slav"]
[ECO "D43"]
[Time "07:08:53"]
[TimeControl "2700+45"]

1. d4 d5 2. c4 e6 3. Nc3 Nf6 4. Nf3 c6 5. Bg5 Be7 6. e3 O-O 7. Bd3 Nbd7 8. O-O
dxc4 9. Bxc4 Nd5 10. Bxe7 Qxe7 11. e4 Nxc3 12. bxc3 b6 13. e5 Rd8 14. Qe2 Bb7
15. Qe4 Nf8 16. Qe3 Rac8 17. Bd3 c5 18. Be4 cxd4 19. cxd4 Bxe4 20. Qxe4 Rc4 21.
Rac1 Rdc8 22. Qf4 Ng6 23. Qd2 Qc7 24. Rxc4 Qxc4 25. h4 h6 26. h5 Ne7 27. g4 Qc2
28. Qf4 Nd5 29. Qg3 Qe4 30. g5 Nf4 31. Re1 Rc1 32. Kh2 Rxe1 33. Nxe1 Nxh5 34.
Qe3 {White resigns} 0-1

[Event "Team 45 45 League T80"]
[Site "Internet Chess Club"]
[Date "2019.04.27"]
[Round "5"]
[White "zepled37"]
[Black "room-matt"]
[Result "0-1"]
[WhiteElo "1718"]
[BlackElo "1757"]
[Opening "Ruy Lopez: Bird's defense"]
[ECO "C61"]
[Time "11:16:12"]
[TimeControl "2700+45"]

1. e4 e5 2. Nf3 Nc6 3. Bb5 Nd4 4. Nxd4 exd4 5. O-O Bc5 6. d3 c6 7. Ba4 a5 8. c3
dxc3 9. bxc3 b5 10. d4 Bb6 11. Bc2 Ne7 12. Ba3 O-O 13. Kh1 Re8 14. f4 d5 15. e5
Nf5 16. Qf3 b4 17. Bxf5 Bxf5 18. Bb2 Rc8 19. Nd2 bxc3 20. Bxc3 c5 21. dxc5 Bxc5
22. Nb3 Bb6 23. Bd4 Be4 24. Qg3 a4 25. Bxb6 Qxb6 26. Nd2 Bf5 27. Qf2 Qxf2 28.
Rxf2 Rc2 29. Kg1 Rb8 30. Nf3 Rcb2 31. Rxb2 Rxb2 32. a3 h6 33. h3 Be4 34. Kf1 g6
35. Rd1 Ra2 36. Nd2 Bd3+ 37. Kf2 Rxa3 38. Nf3 Ra2+ 39. Ke3 Be4 40. Ne1 Rb2 41.
Ra1 Rb3+ 42. Kf2 a3 43. Nf3 Rb2+ 44. Ke3 a2 45. g4 Rb3+ {White resigns} 0-1

[Event "Team 45 45 League T80"]
[Site "Internet Chess Club"]
[Date "2019.04.27"]
[Round "5"]
[White "MathBandit"]
[Black "justice02"]
[Result "1-0"]
[WhiteElo "1624"]
[BlackElo "1603"]
[Opening "French: exchange variation"]
[ECO "C01"]
[Time "21:16:38"]
[TimeControl "2700+45"]

1. e4 e6 2. d4 d5 3. exd5 exd5 4. c4 Nc6 5. Nf3 Bg4 6. Nc3 Bb4 7. a3 Bxc3+ 8.
bxc3 Nge7 9. h3 Bh5 10. cxd5 Bxf3 11. Qxf3 Qxd5 12. Be2 O-O-O 13. O-O Qxf3 14.
Bxf3 f6 15. Rb1 Rhe8 16. Re1 b6 17. a4 a5 18. Ba3 Kd7 19. Re2 Na7 20. Rbe1 Nac8
21. Bb7 Nd6 22. Ba6 g6 23. Bb5+ c6 24. Bd3 Nd5 25. Rxe8 Rxe8 26. Rxe8 Nxe8 27.
Bb2 f5 28. g3 Nd6 29. f3 b5 30. axb5 cxb5 31. Kf2 a4 32. Ke2 Nc4 33. Bxc4 bxc4
34. Kd2 h5 35. Bc1 Kc6 36. Kc2 Kb5 37. Kb2 a3+ 38. Kxa3 Nxc3 39. Kb2 Ne2 40. Be3
Nxg3 41. d5 Ne2 42. Kc2 f4 43. Bf2 Ng3 44. Kc3 Nf5 45. h4 Nd6 46. Kd4 Kb4 47.
Be1+ Kb3 48. Ke5 Nf5 49. d6 Nxd6 50. Kxd6 c3 51. Ke5 Kc2 52. Kxf4 Kd3 53. Bxc3
Kxc3 54. Kg5 Kd4 55. Kxg6 Ke3 56. Kxh5 Kxf3 57. Kg6 Kg4 {Black resigns} 1-0

[Event "Team 45 45 League T80"]
[Site "Internet Chess Club"]
[Date "2019.04.27"]
[Round "5"]
[White "GoIrish"]
[Black "Constrictor"]
[Result "1-0"]
[WhiteElo "1526"]
[BlackElo "1513"]
[Opening "Réti opening"]
[ECO "A05"]
[Time "20:04:19"]
[TimeControl "2700+45"]

1. Nf3 Nf6 2. g3 d5 3. Bg2 c6 4. O-O Bf5 5. d3 e6 6. Nbd2 Nbd7 7. Re1 Qc7 8. e4
dxe4 9. dxe4 Bg4 10. h3 Bh5 11. c4 Bd6 12. Qc2 O-O 13. b3 Bg6 14. Bb2 e5 15. Nh4
Rad8 16. Nxg6 hxg6 17. Nf3 Rfe8 18. a3 a5 19. Rad1 Nf8 20. c5 Be7 21. Bxe5 Qc8
22. b4 axb4 23. axb4 Ne6 24. Bd6 g5 25. Ne5 Nh5 26. Nc4 b5 27. Bxe7 Rxe7 28. Nd6
Qc7 29. Qe2 Nf6 30. e5 Ne8 31. Qe4 {Black resigns} 1-0

[Event "Team 45 45 League T80"]
[Site "Internet Chess Club"]
[Date "2019.04.27"]
[Round "5"]
[White "Otelo"]
[Black "idjit"]
[Result "1-0"]
[WhiteElo "1682"]
[BlackElo "1606"]
[Opening "English: Neo-Catalan"]
[ECO "A13"]
[Time "17:02:46"]
[TimeControl "2700+45"]

1. Nf3 Nf6 2. c4 e6 3. g3 d5 4. Bg2 c5 5. b3 Nc6 6. Bb2 d4 7. e3 e5 8. exd4 exd4
9. O-O Be7 10. d3 O-O 11. Nbd2 Bf5 12. Ne1 Qd7 13. a3 Rfe8 14. Ndf3 Bd6 15. b4
b6 16. b5 Ne7 17. Qd2 Ng6 18. Nc2 Re7 19. Nfxd4 Rae8 20. Bc6 {Black resigns} 1-0